 Dungeon Crawl Stone Soup version 0.22-a0-247-gbddf880 (webtiles) character file.

11 DaynesWaifu the Caller (level 2, -1/15 HPs)
             Began as a Deep Elf Summoner on Feb 27, 2018.
             Was a Follower of Fedhas.
             Slain by an adder (4 damage)
             ... on level 2 of the Dungeon.
             The game lasted 00:10:25 (527 turns).

DaynesWaifu the Caller (Deep Elf Summoner)           Turns: 527, Time: 00:10:26

Health: -1/15      AC:  2    Str:  5    XL:     2   Next: 13%
Magic:  8/8        EV: 13    Int: 19    God:    Fedhas [*.....]
Gold:   28         SH:  0    Dex: 15    Spells: 4/7 levels left

rFire    . . .     SeeInvis .   c - +0 hand axe
rCold    . . .     Gourm    .   (no shield)
rNeg     . . .     Faith    .   a - +0 robe
rPois    .         Spirit   .   (no helmet)
rElec    .         Reflect  .   (no cloak)
rCorr    .         Harm     .   (no gloves)
MR       .....                  (no boots)
Stlth    ++........             (no amulet)
HPRegen  0.05/turn              (no ring)
MPRegen  0.11/turn              (no ring)

@: no status effects
A: no striking features
a: Fungal Bloom, Evolution, Renounce Religion


You were on level 2 of the Dungeon.
You worshipped Fedhas.
Fedhas was aware of your devotion.
You were not hungry.

You visited 1 branch of the dungeon, and saw 2 of its levels.

You collected 28 gold pieces.

Inventory:

Hand Weapons
 c - a +0 hand axe (weapon)
Missiles
 d - 39 arrows
 e - 48 stones (quivered)
 f - 13 poisoned needles
Armour
 a - a +0 robe (worn)
 i - a +0 leather armour
Potions
 h - a potion of invisibility {unknown}
Comestibles
 b - 4 rations
 g - 5 chunks of flesh


   Skills:
 + Level 2.7 Dodging
 + Level 2.4 Stealth
 + Level 3.3 Spellcasting
 + Level 4.7 Summonings


You had 4 spell levels left.
You knew the following spells:

 Your Spells              Type           Power        Failure   Level  Hunger
a - Summon Small Mammal   Summ           ###.         2%          1    None
b - Call Imp              Summ           ###.....     3%          2    ##.....


Dungeon Overview and Level Annotations

Branches:
Dungeon (2/15)

Altars:
Fedhas


Message History

There are monsters nearby!
The ball python hisses angrily.
The adder misses you. The adder misses you. The adder closely misses you. x2
The adder bites you. The ball python closely misses you.
The ball python misses you. The adder bites you but does no damage.
The adder barely misses you. The ball python closely misses you.
The ball python misses you. The adder closely misses you.
The ball python barely misses you. The ball python misses you.
The adder bites you.
* * * LOW HITPOINT WARNING * * *
The ball python bites you.
* * * LOW HITPOINT WARNING * * *
The ball python closely misses you. The adder barely misses you.
The ball python misses you. x2
The adder bites you.
You die...
Fedhas appreciates your contribution to the ecosystem.

##+###.... #.....#
............. +.....# .
.............##.....#..
.............#<.........
..........#........#.#..
..........#........#....
..........#.............
........S.#.....#.......
........S@###..#_#.....
................#..###.
...................# ##.
.....####..........#....
.....#####........##....
........................
### ....................
....................
....................


You could see an adder and a ball python.

Vanquished Creatures
  A frilled lizard (D:1)
  2 kobolds (D:1)
  2 rats (D:1)
5 creatures vanquished.

Vanquished Creatures (collateral kills)
  A dart slug (D:1)
  A goblin (D:1)
  2 hobgoblins (D:1)
  2 bats (D:1)
  2 kobolds (D:1)
  A rat (D:1)
9 creatures vanquished.

Grand Total: 14 creatures vanquished

Notes
Turn   | Place    | Note
-------+----------+-------------------------------------------
     0 | D:1      | DaynesWaifu the Deep Elf Summoner began the quest for the Orb.
     0 | D:1      | Reached XP level 1. HP: 10/10 MP: 6/6
   370 | D:1      | Reached XP level 2. HP: 15/15 MP: 2/8
   379 | D:1      | Learned a level 2 spell: Call Imp
   479 | D:2      | Found a faded altar of an unknown god.
   485 | D:2      | Became a worshipper of Fedhas Madash
   485 | D:2      | Reached * piety under Fedhas
   527 | D:2      | Slain by an adder

Vault maps used:
D:1:      lightli_arrival_farm
D:2:      chequers_ecumenical_altar_simple, uniq_jessica

Action                   || total
-------------------------++-------
Melee: Hand axe          ||    12
Throw: Stone             ||     5
 Cast: Summon Small Mamm ||    24
       Call Imp          ||     3
  Use: Scroll            ||     1
Armor: Robe              ||     4
Dodge: Dodged            ||    30

Table legend:
 A = Spawn XP
 B = Non-spawn XP
 C = Spawn XP percentage of total XP
 D = Spawn monster count
 E = Non-spawn monster count
 F = Spawn count percentage of total count
 G = Total turns spent on level
                    A         B        C        D         E        F      G
               +---------+---------+-------+---------+---------+-------+---------
         Total |       0 |      16 |   0.0 |       0 |      14 |   0.0 |   527
               +---------+---------+-------+---------+---------+-------+---------
           D:1 |       0 |      16 |   0.0 |       0 |      14 |   0.0 |   479
               +---------+---------+-------+---------+---------+-------+---------
